 Dungeon Crawl Stone Soup version 0.27.0-1-g7a08968 (webtiles) character file.

Game seed: 12518531872332265523

28 cheaper the Chopper (level 3, 22/33 HPs)
             Began as a Hill Orc Berserker on July 31, 2021.
             Was a Believer of Trog.
             Quit the game on level 2 of the Dungeon.
             The game lasted 00:02:56 (851 turns).

cheaper the Chopper (Hill Orc Berserker)             Turns: 851, Time: 00:02:57

Health: 22/33      AC:  5    Str: 20    XL:     3   Next: 12%
Magic:  3/3        EV: 11    Int:  7    God:    Trog [**....]
Gold:   79         SH:  0    Dex: 10    Spells: 2/2 levels left

rFire    x . .     SeeInvis .   l - +1 hand axe (venom)
rCold    + . .     Faith    .   (no shield)
rNeg     . . .     Spirit   .   d - +0 ring mail
rPois    .         Reflect  .   (no helmet)
rElec    .         Harm     .   (no cloak)
rCorr    .         Rampage  .   (no gloves)
Will     .....                  (no boots)
Stlth    ..........             (no amulet)
HPRegen  0.11/turn              f - ring of ice
MPRegen  0.08/turn              (no ring)

@: no status effects
A: no striking features
a: Renounce Religion, Berserk, Trog's Hand


You were on level 2 of the Dungeon.
You worshipped Trog.
Trog was pleased with you.
You visited 1 branch of the dungeon, and saw 2 of its levels.

You collected 79 gold pieces.

Inventory:

Hand Weapons
 a - a +0 hand axe
 l - a +1 hand axe of venom (weapon)
Armour
 b - a +0 animal skin
 d - a +0 ring mail (worn)
Jewellery
 f - a ring of ice (left hand)
Scrolls
 c - a scroll of magic mapping {unknown}
 e - a scroll of teleportation {unknown}
 g - 3 scrolls of noise {unknown}
 j - a scroll of identify {unknown}
 n - a scroll of fog {unknown}
Potions
 h - a potion of invisibility {unknown}
 i - a potion of heal wounds {unknown}
 k - 2 potions of curing {unknown}
 m - 2 potions of mutation {unknown}


   Skills:
 * Level 4.2 Fighting
 * Level 4.6 Axes
 * Level 2.5 Armour
 + Level 1.7 Dodging


You had 2 spell levels left.
You didn't know any spells.
Your spell library was empty.

Dungeon Overview and Level Annotations

Branches:
Dungeon (1/15)

Altars:

Annotations:
D:2 1 runed translucent door, Crazy Yiuf, Sigmund


Message History

You closely miss the ball python. The ball python barely misses you.
The ball python constricts you.
A rat comes into view.
The ball python bites you but does no damage.
The ball python constricts you.
You closely miss the ball python. The ball python barely misses you.
The ball python constricts you.
You hit the ball python.
You kill the ball python!
Trog accepts your kill. The rat bites you but does no damage.
You hit the rat.
You kill the rat!
Trog accepts your kill.
No target in view!
No target in view!
No target in view!
No target in view!
k - 2 murky black potions (gained 1)
You see here a rat corpse.
You now have 68 gold pieces (gained 9).
You now have 79 gold pieces (gained 11).
Sigmund the Dreaded comes into view.
He is wielding a +0 scythe.
Sigmund shouts!
You hear an angry hiss.
Sigmund points at you and mumbles some strange words.
You resist with significant effort.
Sigmund is nearby!
A rat comes into view.
An adder comes into view.
Sigmund casts a spell at you. The magic dart hits you.
The rat moves out of view.
Nothing quivered!
Sigmund hits you with a +0 scythe.
You hit Sigmund.
Sigmund is poisoned.
Sigmund is lightly wounded.
You hit the rat.
You kill the rat!
Trog accepts your kill.
You can now call upon Trog for regeneration and willpower.
Sigmund closely misses you. The adder closely misses you.
Are you sure you want to abandon this character and quit the game? (Confirm with "yes".)

####....##..........
#......#.##.......
#.####.#.###.....#
.. #.†....# ##...##
..# #.####.# #+## #.
#.#....#.# #.
#....#.#.# #..####.#
#. #..S@...#
#..@†#### ####..
#.## #.. ###


You could see Sigmund (very poisoned) and an adder.

Vanquished Creatures
  An adder (D:2)
  5 ball pythons
  An endoplasm (D:1)
  A giant cockroach (D:1)
  A hobgoblin (D:2)
  3 jackals (D:2)
  3 frilled lizards (D:1)
  A goblin (D:1)
  3 rats (D:2)
19 creatures vanquished.

Notes
Turn   | Place    | Note
-------+----------+-------------------------------------------
     0 | D:1      | cheaper the Hill Orc Berserker began the quest for the Orb.
     0 | D:1      | Reached XP level 1. HP: 19/19 MP: 1/1
   415 | D:1      | Reached XP level 2. HP: 25/27 MP: 2/2
   587 | D:1      | You fall into a shaft and drop 1 floor!
   694 | D:2      | Reached XP level 3. HP: 32/33 MP: 3/3
   781 | D:2      | Found a runed translucent door.
   782 | D:2      | Noticed Crazy Yiuf
   846 | D:2      | Noticed Sigmund
   850 | D:2      | Reached ** piety under Trog
   851 | D:2      | Quit the game

Illustrated notes

Levels and vault maps discovered:
D:1:      saegor_arrival_miasma, layout_basic, serial_forest,
          infiniplex_forest_lined_2, infiniplex_forest_straight_5,
          infiniplex_forest_lined_1, infiniplex_forest_clump_tiny,
          infiniplex_forest_straight_3, infiniplex_forest_clump_C,
          infiniplex_forest_corner_1
D:2:      layout_loops_corners, serial_shops, shop_statue, shop, shop,
          minmay_heptomino_l4, uniq_terence, uniq_crazy_yiuf_cottage,
          uniq_sigmund

Skill      XL: |  1  2 |
---------------+-------+-----
Fighting       | 4 |  4.2
Axes           | |  4.6
Armour         | |  2.5
Dodging        | |  1.7

Action                   || total
-------------------------++-------
Melee: Hand axe          ||    43
Armor: Ring mail         ||    12
Dodge: Dodged            ||    24
